 Dungeon Crawl Stone Soup version 0.27-a0-906-g0a00ce863d (webtiles) character file.

Game seed: 6167578328358367238

78 Lanoc the Ducker (level 4, 0/30 HPs)
             Began as a Vampire Warper on Apr 6, 2021.
             Was a Follower of Jiyva.
             Killed from afar by Sigmund (8 damage)
             ... with a puff of flame
             ... on level 2 of the Dungeon.
             The game lasted 00:06:14 (2096 turns).

Lanoc the Ducker (Vampire Warper)                   Turns: 2096, Time: 00:06:15

Health: 0/30       AC: 10    Str: 11    XL:     4   Next: 15%
Magic:  7/7        EV: 13    Int: 15    God:    Jiyva [*.....]
Gold:   58         SH:  0    Dex: 13    Spells: 4/7 levels left

rFire    . . .     SeeInvis +   a - +0 spear
rCold    . . .     Faith    .   (no shield)
rNeg     . . .     Spirit   .   k - +4 scale mail {rPois}
rPois    +         Reflect  .   (no helmet)
rElec    .         Harm     .   (no cloak)
rCorr    +         Rampage  .   (no gloves)
Will     .....                  (no boots)
Stlth    ..........             (no amulet)
HPRegen  0.30/turn              f - ring of resist corrosion
MPRegen  0.10/turn              l - +4 ring of evasion

@: regenerating quickly
A: alive, fangs 3, see invisible, unbreathing 1, vampiric 2, [frail 1]
a: Exsanguinate, Renounce Religion, Request Jelly


You were on level 2 of the Dungeon.
You worshipped Jiyva.
Jiyva was aware of your devotion.
You visited 1 branch of the dungeon, and saw 3 of its levels.

You collected 58 gold pieces.

Inventory:

Hand Weapons
 a - a +0 spear (weapon)
Armour
 b - a +0 leather armour
 k - a +4 scale mail of poison resistance (worn)
Jewellery
 f - a ring of resist corrosion (left hand)
 l - a +4 ring of evasion (right hand)
Wands
 i - a wand of random effects (16)
Scrolls
 c - a scroll of amnesia {unknown}
 d - a scroll of blinking
 g - 3 scrolls of teleportation {unknown}
Potions
 h - 2 potions of curing {unknown}


   Skills:
 + Level 2.8 Fighting
 - Level 1.7 Polearms
 - Level 0.7 Throwing
 - Level 0.7 Armour
 + Level 3.3 Dodging
 - Level 2.0 Spellcasting
 - Level 3.0 Translocations


You had 4 spell levels left.
You knew the following spells:

 Your Spells              Type           Power      Damage    Failure   Level
a - Apportation           Tloc           20%        N/A       36%         1
h - Blink                 Tloc           N/A        N/A       52%         2

Your spell library contained the following spells:

 Spells                   Type           Power      Damage    Failure   Level
 Gell's Gravitas          Tloc           5%         N/A       75%         3
 Lesser Beckoning         Tloc           5%         N/A       75%         3
 Teleport Other           Tloc           10%        N/A       75%         3
 Animate Skeleton         Necr           2%         N/A       80%         1
 Corona                   Hex            1%         N/A       80%         1
 Summon Small Mammal      Summ           4%         N/A       80%         1
 Manifold Assault         Tloc           10%        N/A       100%        5


Dungeon Overview and Level Annotations

Branches:
Dungeon (3/15)

Altars:
Jiyva

Annotations:
D:2 Sigmund


Innate Abilities, Weirdness & Mutations

Your natural rate of healing is unusually fast.
You have razor-sharp teeth.
You have supernaturally acute eyesight. (SInv)
You can survive without breathing.
You are afflicted with vampirism and can become a bat while bloodless.
[You are frail. (-10% HP)]


Message History

The magic dart hits you.
Throw: 4 darts (atropa)
Press: ? - help, Q - select action, (/) - cycle Shift-Dir - straight line, f/p - Sigmund
Aim: Sigmund, wielding a +0 scythe and wearing a +0 robe (moderately wounded, 52% to hit, chance to blind on hit: 75%)
You throw an atropa-tipped dart. The atropa-tipped dart hits Sigmund.
Sigmund appears confused.
Sigmund is moderately wounded.
Sigmund seems less confused.
You reach to attack!
You barely miss Sigmund.
Sigmund is lightly wounded.
You reach to attack!
You hit Sigmund.
Sigmund is moderately wounded.
Sigmund is no longer blind.
Sigmund barely misses you.
You reach to attack!
You hit Sigmund.
Sigmund is moderately wounded.
Sigmund barely misses you.
Throw: 3 darts (atropa)
Press: ? - help, Q - select action, (/) - cycle Shift-Dir - straight line, f/p - Sigmund
Aim: Sigmund, wielding a +0 scythe and wearing a +0 robe (moderately wounded, 53% to hit, chance to blind on hit: 75%)
You throw an atropa-tipped dart.
The atropa-tipped dart closely misses Sigmund.
Sigmund hits you from afar with a +0 scythe.
Throw: 2 darts (atropa)
Press: ? - help, Q - select action, (/) - cycle Shift-Dir - straight line, f/p - Sigmund
Aim: Sigmund, wielding a +0 scythe and wearing a +0 robe (moderately wounded, 53% to hit, chance to blind on hit: 75%)
You throw an atropa-tipped dart.
The atropa-tipped dart closely misses Sigmund.
Sigmund hits you from afar with a +0 scythe.
Throw: dart (atropa)
Press: ? - help, Q - select action, (/) - cycle Shift-Dir - straight line, f/p - Sigmund
Aim: Sigmund, wielding a +0 scythe and wearing a +0 robe (moderately wounded, 53% to hit, chance to blind on hit: 75%)
You throw an atropa-tipped dart.
The atropa-tipped dart closely misses Sigmund.
Sigmund hits you from afar with a +0 scythe!
* * * LOW HITPOINT WARNING * * *
Sigmund casts a spell at himself.
Sigmund flickers and vanishes for a moment.
Sigmund points at you and mumbles some strange words.
The puff of flame hits you!
You die...

#.#.###.####.# #......รท...##
..#.###..(.#.########.######.#.##
.......(.......................).
#.#......#.#.#####.......###....#
#.##.......(.# #.......# ####.#
#............# #.......# #.#
#............# #.......# #.#
#..........#@#####.......# #.#
J...............@........# #.#
#............#####.......# #.#
###'###.###### ##..##+## #.# #
#.###.# ##.##.##### #.# #.....#
#.##....<###.. #######
#............. #.............
#............. #.............


You could see Sigmund (invisible).

Vanquished Creatures
  A gnoll (D:1)
  2 adders (D:2)
  2 worms (D:2)
  2 dart slugs
  2 ball pythons
  4 bats
  2 endoplasms (D:1)
  2 goblins
  5 hobgoblins
  3 jackals (D:1)
  3 quokkas
  2 frilled lizards (D:1)
  4 kobolds
  5 rats
39 creatures vanquished.

Vanquished Creatures (others)
  A jelly (D:2)
  Terence (D:2)
  2 endoplasms
  A ball python (D:2)
5 creatures vanquished.

Grand Total: 44 creatures vanquished

Notes
Turn   | Place    | Note
-------+----------+-------------------------------------------
     0 | D:1      | Lanoc the Vampire Warper began the quest for the Orb.
     0 | D:1      | Reached XP level 1. HP: 16/16 MP: 3/3
   161 | D:1      | Reached XP level 2. HP: 22/22 MP: 5/5
   182 | D:1      | Learned a level 2 spell: Blink
   496 | D:1      | Learned a level 1 spell: Apportation
   559 | D:1      | Gained mutation: You are afflicted with vampirism and can
                  | become a bat while bloodless. [Vampire growth]
   559 | D:1      | Reached XP level 3. HP: 2/24 MP: 6/6
   762 | D:1      | Found a faded altar of an unknown god.
   768 | D:1      | Became a worshipper of Jiyva Jihae the Shapeless
   768 | D:1      | Reached * piety under Jiyva
  1666 | D:3      | Noticed Terence
  1735 | D:2      | Killed Terence
  1828 | D:3      | Noticed Sigmund
  1859 | D:2      | Reached XP level 4. HP: 29/30 MP: 7/7
  2096 | D:2      | Killed from afar by Sigmund

Illustrated notes

Levels and vault maps discovered:
D:1:      minmay_arrival_plants_in_alcoves, layout_loops_cross,
          basic_ecumenical_altar, minmay_cut_off
D:2:      layout_basic
D:3:      layout_basic, uniq_terence, uniq_sigmund

Skill      XL: |  1  2  3 |
---------------+----------+-----
Fighting       | 2 |  2.8
Translocations | 3 |  3.0
Dodging        | 3 |  3.3
Polearms       | |  1.7
Throwing       | |  0.7
Armour         | |  0.7
Spellcasting   | |  2.0

Action                   |  1- 3 |  4- 6 || total
-------------------------+-------+-------++-------
Melee: Spear             |   209 |     6 ||   215
       Bite              |    13 |       ||    13
Throw: Boomerang         |     2 |     3 ||     5
       Dart              |       |     6 ||     6
 Cast: Blink             |     1 |       ||     1
 Abil: Exsanguinate      |     1 |       ||     1
       Revivify          |     1 |       ||     1
 Stab: Sleeping          |     1 |       ||     1
Armor: Leather armour    |    48 |       ||    48
       Scale mail        |     8 |     8 ||    16
Dodge: Dodged            |    83 |    17 ||   100

Table legend: (Time is in decaauts)
 A = Elapsed time spent in this place.
 B = Non-inter-level travel time spent in this place.
 C = Inter-level travel time spent in this place.
 D = Time resting spent in this place.
 E = Time spent auto-exploring this place.
 F = Levels seen in this place.
 G = Mean time per level.
                   A        B        C        D        E       F      G
               +--------+--------+--------+--------+--------+-----+--------+
         Total |   2102 |   2072 |     30 |      8 |   1447 |   3 |  700.7 |
       Dungeon |   2102 |   2072 |     30 |      8 |   1447 |   3 |  700.7 |
               +--------+--------+--------+--------+--------+-----+--------+

Top non-repeatable levels by time:
     D:1: 924 daAuts
     D:2: 793 daAuts
     D:3: 384 daAuts
